 Dungeon Crawl Stone Soup version 0.18-a0-1157-g59db91b (console) character file.

711 HOSu the Cleaver (level 7, 0/88 HPs)
             Began as a Hill Orc Summoner on Jan 23, 2016.
             Was an Initiate of Makhleb.
             Succumbed to a scorpion's poison
             ... on level 5 of the Dungeon.
             The game lasted 00:18:41 (7557 turns).

HOSu the Cleaver (Hill Orc Summoner)                Turns: 7557, Time: 00:18:41

Health: 0/88       AC: 23    Str: 11    XL:     7   Next: 68%
Magic:  3/10       EV:  2    Int: 15    God:    Makhleb [......]
Gold:   298        SH:  0    Dex: 13    Spells: 3 memorised, 4 levels left

rFire  . . .     SeeInvis .     a - +0 hand axe
rCold  . . .     Gourm    .     (armour currently unavailable)
rNeg   + + +     Faith    .     (no shield)
rPois  +         Spirit   .     (helmet currently unavailable)
rElec  .         Dismiss  .     (cloak currently unavailable)
rCorr  .         Reflect  .     (gloves currently unavailable)
SustAt +         Harm     .     (boots currently unavailable)
MR     .....     NoTele   +     (no amulet)
Stlth  ++........               (no ring)
                                y - ring of sustain attributes

@: lethally poisoned (0 -> -7), tree-form, very slightly contaminated, hasted,
very quick, not resistant to hostile enchantments, unstealthy
A: no striking features
a: Renounce Religion


You were on level 5 of the Dungeon.
You worshipped Makhleb.
Makhleb was noncommittal.
You were hungry.
You were a tree.
You visited 2 branches of the dungeon, and saw 6 of its levels.

You collected 298 gold pieces.


   Skills:
 - Level 4.0 Fighting
 + Level 8.5 Axes
 - Level 1.5 Dodging
 - Level 1.5 Stealth
 - Level 2.1 Spellcasting
 - Level 4.0 Summonings
 - Level 2.2 Evocations


You had 4 spell levels left.
You knew the following spells:

 Your Spells              Type           Power        Failure   Level  Hunger
a - Summon Small Mammal   Summ           ##..         4%          1    #......
b - Call Imp              Summ           ##......     8%          2    ###....
c - Call Canine Familiar  Summ           ##......     14%         3    ###....

Inventory:

Hand Weapons
 a - a +0 hand axe (weapon)
   (You took it off an orc on level 3 of the Dungeon)
 e - a +0 whip
   (You took it off a kobold on level 1 of the Dungeon)
Missiles
 g - 125 stones (quivered)
 j - 32 poisoned needles
 v - a throwing net {=f}
 I - 3 javelins {=f}
Armour
 i - a +2 hat (melded) {aux}
   (You found it on level 1 of the Dungeon)
 l - a +0 pair of boots (melded) {aux}
   (You found it on level 1 of the Dungeon)
 C - a +0 robe (melded)
 F - a +1 cloak of invisibility (melded) {aux}
   (You took it off Crazy Yiuf on level 3 of the Dungeon)
Jewellery
 y - a ring of sustain attributes (left branch)
   (You found it on level 3 of the Dungeon)
 J - the ring of Zuhaidi {rF+++ rC- rN+ Str+3 Int+3}
   (You found it on level 5 of the Dungeon)

   [ring of positive energy]

   It affects your strength (+3).
   It affects your intelligence (+3).
   It renders you almost immune to fire.
   It makes you vulnerable to cold.
   It protects you from negative energy.
Wands
 H - a wand of slowing (36/48) {!v}
   (You found it on level 5 of the Dungeon)
Scrolls
 k - a scroll of recharging {!r, unknown}
 n - 2 scrolls of immolation {!r, unknown}
 p - a scroll of noise {!r, unknown}
 q - 2 scrolls of fog {!r, unknown}
 r - a scroll of enchant armour {!r, unknown}
 u - 3 scrolls of fear {!r}
 x - 3 scrolls of remove curse {!r}
 B - 2 scrolls of teleportation {!r}
 E - a scroll of magic mapping {!r, unknown}
 G - 2 scrolls of random uselessness {!r, unknown}
 L - a scroll of identify {!r}
Potions
 d - a potion of lignification {!q}
 o - 3 potions of agility {!q}
 w - 2 potions of curing {!q, unknown}
 z - 4 potions of flight {!q}
 A - 3 potions of might {!q}
 D - a potion of heal wounds {!q, unknown}
Books
 b - a book of Callings

   Spells                             Type                      Level
   a - Summon Small Mammal            Summoning                    1
   b - Call Imp                       Summoning                    2
   c - Call Canine Familiar           Summoning                    3
   d - Summon Guardian Golem          Hexes/Summoning              3
   e - Summon Lightning Spire         Summoning/Air                4
   f - Summon Ice Beast               Ice/Summoning                4
Comestibles
 c - 8 bread rations {!e}
 m - 14 fruits {!e}
 s - a beef jerky {!e}
 t - 5 meat rations {!e}


Message History

Tha fungus be severely damaged.
Ye hit tha fungus.
Tha fungus be almost destroyed.
Ye feel sick.
Tha scorpion misses ye.
Tha scorpion stin's yer hound.
Yer hound dies!
Yer hound's corpse disappears in a puff o' smoke!
Castin': Call Canine Familiar Confirm wit' . or Enter, or press ? or * ta list all spells.
Ye miscast Call Canine Familiar.
Ye be very lightly contaminated wit' residual magic.
Somethin' appears in a flash o' light!
Ye feel sick.
Tha scorpion misses ye.
Ye hit tha scorpion but do nay damage.
Tha scorpion be almost dead.
Ye hit tha scorpion but do nay damage.
Tha scorpion be severely wounded.
Ye hit tha fungus.
Tha fungus be severely damaged.
Ye hit tha fungus.
Tha fungus be almost destroyed.
Ye feel sick.
Tha scorpion closely misses ye.
Tha scorpion barely misses ye.
Ye hit tha scorpion.
Ye kill tha scorpion!
Makhleb accepts yer kill.
Ye closely miss tha scorpion.
Tha scorpion be severely wounded.
Ye hit tha fungus but do nay damage.
Tha fungus be severely damaged.
Ye hit tha fungus.
Tha fungus be almost destroyed.
Tha white imp picks up a beetle an' eats it.
Tha white imp hits tha fungus.
Tha fungus be destroyed!
Tha scorpion stin's ye.
Ye closely miss tha scorpion.
Tha scorpion be severely wounded.
Ye hit tha fungus.
Tha fungus be almost destroyed.
Ye feel sick.
Tha scorpion stin's ye.
Ye be more poison'd.
Tha scorpion poisons ye!
Ye barely miss tha scorpion.
Tha scorpion be severely wounded.
Ye hit tha fungus.
Tha fungus be almost destroyed.
Ye hit tha white imp.
Tha white imp be lightly wounded.
Ye feel sick.
Yer white imp gestures at tha scorpion.
Tha puff o' frost hits tha scorpion.
Tha scorpion dies!
Makhleb accepts yer kill.
Tha white imp closely misses ye.
Ye feel sick.
Unknown command.
Ye feel sick.
Tha white imp gestures at ye.
Tha puff o' frost hits ye!
Ye feel a terrible chill!
* * * LOW HITPOINT WARNIN'
* * * Ye see 'ere a bread ration {!e}.
Remove which piece o' jewellery? (? fer menu, 'sc ta quit) Ye remove tha rin' o' Zuhaidi {rF+++ rC- rN+ Str+3 Int+3}.
Yer white imp gestures at tha white imp.
Tha puff o' frost hits tha white imp.
Tha white imp completely resists.
Drink which item? (? fer menu, 'sc ta quit) Okay, than.
Read which item? (? fer menu, 'sc ta quit) Okay, than.
Press: ? - help, v - describe, . - travel 'ere: a fungus (severely damaged) Tha floor.
* * * LOW HITPOINT WARNIN'
* * * Ye feel sick.
Yer white imp gestures at tha white imp.
Tha puff o' frost hits tha white imp.
Tha white imp appears unharmed.
* * * LOW HITPOINT WARNIN'
* * * Ye feel sick.
Tha white imp hits yer white imp.
Tha white imp freezes yer white imp.
Yer white imp completely resists.
Drink which item? (? fer menu, 'sc ta quit) Re'lly quaff
f - a metallic sapphire potion {!q}?
It was a potion o' cure mutation {!q}.
It has a very clean taste.
* * * LOW HITPOINT WARNIN'
* * * Ye feel sick.
Tha white imp closely misses yer white imp.
Yer white imp gestures at tha white imp.
Tha puff o' frost hits tha white imp.
Tha white imp resists.
Drink which item? (? fer menu, 'sc ta quit) Re'lly quaff
d - 2 potions o' lignification {!q}?
Ye turn inta a tree.
Yer +1 cloak o' invisibility {aux} melds inta yer body.
Yer +2 hat {aux} melds inta yer body.
Yer +0 pair o' boots {aux} melds inta yer body.
Yer +0 robe melds inta yer body.
Yer roots penetrate tha ground.
* * * LOW HITPOINT WARNIN'
* * * Ye feel sick.
Tha white imp barely misses yer white imp.
Drink which item? (? fer menu, 'sc ta quit) Re'lly quaff
h - a black potion {!q}?
It was a potion o' haste {!q}.
Ye feel yerself speed up.
Ye die...

.....>...#...#.....#...........#.
........[)...#.....#...........#.
##......##...#.....######.....##.
##......##...###...# ##'#####.
.#.......#..##.#...# #.....##.
##.......#.##P.##..# #........
.#.....>.####.P.##.# #........
.#......#####P.5###########...##.
.#......###P..5P♣# #......#...##.
.#......#.#......###......#......
.#......#.#...†...#.......'......
##......'.####P.P.##......#...##.
.'......#.##.).....##.....#...###
.#......####...#P..##.....######.
###.##### #)..#.P..###........#.
#.....########)##.#..##........'.
.8...8.#..# P.#.P##..#........#.


You could see a white imp and a friendly white imp.

Vanquished Creatures
  Eustachio (D:4)
  A sky beast (D:5)
  2 scorpions (D:5)
  An orc priest (D:4)
  An iguana (D:4)
  2 worker ants
  A worker ant zombie (D:5)
  An adder (D:3)
  A shadow imp (D:5)
  5 worms
  A giant gecko (D:5)
  8 orcs
  2 ball pythons
  11 bats
  5 giant cockroaches
  3 goblins
  2 hobgoblins (D:3)
  A jackal (D:3)
  6 kobolds
  A quokka (D:3)
  2 giant newts
  6 rats
64 creatures vanquished.

Vanquished Creatures (collateral kills)
  A phantom (D:4)
  A scorpion (D:5)
  A crimson imp (D:5)
  2 centaur skeletons
  Crazy Yiuf (D:3)
  Natasha (D:2)
  Terence (D:3)
  2 worker ants
  6 gnolls
  2 adders (D:2)
  2 worms
  6 orcs
  5 bats
  A giant cockroach (D:2)
  2 hobgoblins (D:2)
  2 jackals (D:3)
  3 kobolds (D:1)
  4 giant newts
43 creatures vanquished.

Vanquished Creatures (others)
  8 fungi (D:5)
8 creatures vanquished.

Grand Total: 115 creatures vanquished

Notes
Turn   | Place    | Note
--------------------------------------------------------------
     0 | D:1      | HOSu the Hill Orc Summoner began the quest for the Orb.
     0 | D:1      | Reached XP level 1. HP: 14/14 MP: 3/3
   480 | D:1      | Reached skill level 1 in Fighting
   602 | D:1      | Reached XP level 2. HP: 11/24 MP: 0/4
   908 | D:1      | Learned a level 2 spell: Call Imp
  1234 | D:2      | Reached skill level 3 in Fighting
  1234 | D:2      | Reached XP level 3. HP: 29/31 MP: 0/5
  1405 | D:2      | Found an iron altar of Okawaru.
  1980 | D:2      | Noticed Natasha
  2000 | D:2      | Killed Natasha
  2000 | D:2      | Reached XP level 4. HP: 21/40 MP: 1/7
  2005 | D:2      | Learned a level 3 spell: Call Canine Familiar
  2178 | D:2      | Found a white marble altar of Elyvilon.
  2178 | D:2      | Found a glowing silver altar of Zin.
  2178 | D:2      | Found a glowing golden altar of the Shining One.
  2310 | D:3      | Found a blossoming altar of Fedhas.
  2310 | D:3      | Found a shadowy altar of Dithmenos.
  2315 | D:3      | Found a sacrificial altar of Ru.
  2624 | D:3      | Noticed Terence
  2646 | D:3      | Killed Terence
  2646 | D:3      | Reached skill level 1 in Axes
  3133 | D:3      | Noticed Crazy Yiuf
  3164 | D:3      | Killed Crazy Yiuf
  3164 | D:3      | Reached XP level 5. HP: 46/46 MP: 1/8
  3176 | D:3      | AND HE SAID:lol
  3350 | D:3      | Reached skill level 3 in Axes
  3509 | D:3      | Found a snail-covered altar of Cheibriados.
  3775 | D:4      | Noticed Eustachio
  4471 | D:4      | Noticed a phantom
  4502 | D:3      | HP: 9/46 [poisoned by a worker ant]
  4507 | D:3      | HP: 6/46 [poisoned by a worker ant]
  4512 | D:3      | HP: 4/46 [poisoned by a worker ant]
  4517 | D:3      | HP: 3/46 [poisoned by a worker ant]
  4525 | D:3      | HP: 2/46 [poisoned by a worker ant]
  4533 | D:3      | HP: 1/46 [poisoned by a worker ant]
  4917 | D:4      | Killed Eustachio
  4917 | D:4      | Reached skill level 6 in Axes
  4917 | D:4      | Reached XP level 6. HP: 20/52 MP: 9/9
  5395 | D:4      | Killed a phantom
  5962 | D:5      | Entered Level 5 of the Dungeon
  6082 | D:5      | Reached skill level 7 in Axes
  6329 | D:5      | Noticed a sky beast
  6342 | D:5      | Killed a sky beast
  6342 | D:5      | Reached skill level 1 in Evocations
  6342 | D:5      | Reached XP level 7. HP: 44/59 MP: 7/10
  6514 | D:5      | Found an opulent altar of Gozag.
  6962 | D:5      | Got an ancient turquoise ring
  6963 | D:5      | Identified the ring of Zuhaidi {rF+++ rC- rN+ Str+3 Int+3} (You found it on level 5 of the Dungeon)
  7255 | D:5      | Found a staircase to the Ecumenical Temple.
  7267 | Temple   | Entered the Ecumenical Temple
  7314 | Temple   | Became a worshipper of Makhleb the Destroyer
  7531 | D:5      | Reached skill level 8 in Axes
  7551 | D:5      | HP: 5/59 [white imp/puff of frost[miscasting Call Canine Familiar] (10)]
  7554 | D:5      | HP: 2/59 [poisoned by a scorpion]
  7557 | D:5      | Succumbed to a scorpion's poison

Vault maps used:
D:1:      dpeg_arrival_boxorama
D:2:      mumra_celtic_spiral_tile, good_gods_mini_temple, old_standard_altar,
          hex_tiny, uniq_natasha
D:3:      marbit_many_paths, grunt_temple_overflow_open,
          uniq_crazy_yiuf_cottage, uniq_terence
D:4:      minivault_23, uniq_eustachio
D:5:      old_forge, grunt_gozag_statues, temple_green, first_bread,
          dk_vineyard_3
Temple:   minmay_temple_bridge_a_8

Action                   |  1- 3 |  4- 6 |  7- 9 || total
-------------------------+-------+-------+-------++-------
Melee: Whip              |    84 |   150 |       ||   234
       Hand axe          |       |   107 |   132 ||   239
Throw: Stone             |       |     5 |     1 ||     6
 Cast: Summon Small Mamm |    13 |       |       ||    13
       Call Imp          |    17 |     8 |     1 ||    26
       Call Canine Famil |       |    26 |     7 ||    33
  Use: Scroll            |       |     7 |       ||     7
       Potion            |       |       |     3 ||     3
 Stab: Sleeping          |     1 |     4 |     1 ||     6
       Distracted        |       |     3 |       ||     3
  Eat: Chunk             |     5 |    15 |     5 ||    25
       Pizza             |       |     1 |       ||     1
       Beef jerky        |       |     1 |       ||     1
